 Dungeon Crawl Stone Soup version 0.31.0-11-ge490571c62 (webtiles) character file.

Game seed: 2686361016492033361

268 Aneyh the Slasher (level 6, -1/34 (38) HPs)
             Began as a Tengu Monk on Feb 5, 2024.
             Slain by a wight
             ... wielding a +5 scimitar
              (2 damage)
             ... on level 4 of the Dungeon.
             The game lasted 00:09:08 (3619 turns).

Aneyh the Slasher (Tengu Monk)                      Turns: 3619, Time: 00:09:08

HP:   -1/34 (38)    AC:  5    Str: 11    XL:     6   Next: 21%
MP:   3/7           EV: 29    Int: 11    God:
Gold: 154           SH:  0    Dex: 18    Spells: 1/5 levels left

rFire   . . .        u - +0 spear
rCold   . . .        (no shield)
rNeg    . . .        o - +0 robe
rPois   .            (helmet restricted)
rElec   .            n - +2 cloak
rCorr   .            (no gloves)
SInv    .            (boots unavailable)
Will    .....        (no amulet)
Stlth   ++           (no ring)
HPRegen 0.25/turn    (no ring)
MPRegen 0.10/turn

%: acrobat
@: acrobatic, heavily drained
A: beak, talons 3, acrobatic
a: no special abilities


You were on level 4 of the Dungeon.
You visited 1 branch of the dungeon, and saw 4 of its levels.

You collected 154 gold pieces.

Inventory:

Hand Weapons
 a - a +0 falchion
 b - a +0 orcbow
 u - a +0 spear (weapon)
Missiles
 s - a throwing net
Armour
 d - an orb of light
 n - a +2 cloak (worn)
 o - a +0 robe (worn)
Jewellery
 k - a ring of protection from cold
Wands
 r - a wand of digging (6)
Scrolls
 e - 2 scrolls of amnesia {unknown}
 f - 3 scrolls of identify {unknown}
 g - 3 scrolls of vulnerability {unknown}
 h - a scroll of fear {unknown}
 i - a scroll of enchant weapon {unknown}
 j - a scroll of blinking {unknown}
 m - a scroll of immolation {unknown}
Potions
 c - a potion of curing {unknown}
 l - a potion of heal wounds {unknown}
 p - a potion of brilliance {unknown}
 q - a potion of haste {unknown}
 t - a potion of degeneration {unknown}


   Skills:
 + Level 3.9 Fighting
 - Level 5.0 Long Blades
 + Level 4.1 Dodging
 + Level 4.0 Summonings


You had one spell level left.
You knew the following spells:

 Your Spells              Type           Power      Damage    Failure   Level
a - Summon Small Mammal   Summ           32%        N/A       7%          1
b - Call Canine Familiar  Summ           8%         N/A       21%         3

Your spell library contained the following spells:

 Spells                   Type           Power      Damage    Failure   Level
 Apportation              Tloc           0%         N/A       34%         1
 Necrotise                Necr           0%         1d4       34%         1
 Sting                    Conj/Alch      0%         1d3       34%         1
 Animate Armour           Summ/Erth      8%         N/A       83%         4
 Summon Blazeheart Golem  Fire/Summ      4%         N/A       83%         4
 Summon Lightning Spire   Summ/Air       4%         N/A       83%         4
 Manifold Assault         Tloc           0%         N/A       98%         4
 Disjunction              Tloc           0%         N/A       100%        8


Dungeon Overview and Level Annotations

Branches:
Dungeon (4/15)
 Temple: D:4-7

Altars:
Dithmenos
The Shining One

Annotations:
D:2 1 runed translucent door, Crazy Yiuf


Innate Abilities, Weirdness & Mutations

You have a beak for a mouth.
You have claws for feet.
You can magically evade attacks while moving or waiting.


Message History

You hit the wight but do no damage. Your peck misses the wight.
The wight is moderately damaged.
The wight misses you.
Your inugami barely misses the wight.
You hit the wight but do no damage. You claw the wight.
The wight is severely damaged.
The wight closely misses you.
Your inugami hits the wight but does no damage.
You closely miss the wight. Your kick misses the wight.
The wight is severely damaged.
The wight hits you with a +0 short sword!
Your inugami hits the wight but does no damage.
Unknown command.
Your inugami hits the wight.
The wight hits you with a +0 short sword!
Your inugami misses the wight.
The wight hits you with a +0 short sword.
You feel drained.
Your inugami closely misses the wight.
You swap places.
Your bat hits the wight but does no damage.
You hit the wight. Your kick misses the wight.
The wight is almost destroyed.
Your inugami disappears in a puff of smoke!
Your bat barely misses the wight.
The wight hits your bat with a +0 short sword.
Your bat dies!
Your bat's corpse disappears in a puff of smoke!
Your rat closely misses the wight.
You closely miss the wight.
The wight is almost destroyed.
The wight hits you with a +0 short sword.
You feel drained.
Your rat barely misses the wight.
Unknown command.
The wight attacks as it pursues you! The wight completely misses you.
Your rat barely misses the wight.
The wight attacks as it pursues you! The wight completely misses you.
Your rat bites the wight but does no damage.
The wight attacks as it pursues you! The wight hits you with a +5 scimitar!
* * * LOW HITPOINT WARNING * * *
You feel drained.
You die...

#.. ..# #.# #.#
###.######.# #.......##.#
####### #.###.##.####
#...... #.##........#
#.#####
#.##..##.##.######.###
#.....z..##..........#
#....###.rz@...........#.#
#.........#####.########.#
# .....z.####.# #... #.###
.....<# #.# ##### #....
....z# #$# ##### ..... #.#
# ..... #.# #.


You could see 2 wights and a friendly rat (summoned).

Vanquished Creatures
  A nameless horror (D:3)
  A crimson imp (D:3)
  An orc priest (D:3)
  Natasha (thrice) (D:2)
  3 adders
  2 dart slugs
  3 orcs (D:3)
  12 ball pythons
  4 bats
  7 endoplasms
  2 giant cockroaches
  9 goblins
  10 hobgoblins
  4 quokkas
  A frilled lizard (D:1)
  A goblin zombie (D:3)
  3 hobgoblin zombies (D:3)
  7 kobolds
  A kobold skeleton (D:3)
  2 kobold zombies (D:3)
  An orc zombie (D:3)
  6 rats
84 creatures vanquished.

Vanquished Creatures (collateral kills)
  A goblin (D:3)
  A ball python (D:3)
  A bat (D:2)
  2 goblin zombies (D:3)
  A hobgoblin zombie (D:3)
  A kobold (D:4)
  2 kobold skeletons (D:3)
  2 orc zombies (D:3)
11 creatures vanquished.

Grand Total: 95 creatures vanquished

Notes
Turn   | Place    | Note
-------+----------+-------------------------------------------
     0 | D:1      | Aneyh the Tengu Monk began the quest for the Orb.
     0 | D:1      | Reached XP level 1. HP: 14/14 MP: 2/2
   150 | D:1      | Reached XP level 2. HP: 19/19 MP: 3/3
   175 | D:1      | Reached skill level 4 in Long Blades
   349 | D:1      | Found a faded altar of an unknown god.
   398 | D:1      | Reached XP level 3. HP: 23/23 MP: 4/4
   439 | D:1      | Learned a level 1 spell: Summon Small Mammal
   908 | D:2      | Reached skill level 1 in Summonings
   912 | D:2      | Reached skill level 5 in Long Blades
   917 | D:2      | Got the Textbook on Elliptic Beckoning
   919 | D:2      | Noticed Natasha
   944 | D:2      | Killed Natasha
   945 | D:2      | Reached XP level 4. HP: 20/28 MP: 2/5
   987 | D:2      | Noticed Natasha
   994 | D:2      | Killed Natasha
  1068 | D:2      | Noticed Natasha
  1086 | D:2      | Killed Natasha
  1087 | D:2      | Reached XP level 5. HP: 7/32 MP: 6/6
  1406 | D:2      | Found a runed translucent door.
  1407 | D:2      | Noticed Crazy Yiuf
  1621 | D:2      | Learned a level 3 spell: Call Canine Familiar
  2592 | D:3      | Found a glowing golden altar of the Shining One.
  2593 | D:3      | Noticed a nameless horror
  2633 | D:3      | Killed a nameless horror
  2944 | D:3      | Reached XP level 6. HP: 37/38 MP: 4/7
  3200 | D:3      | Found a shadowy altar of Dithmenos.
  3619 | D:4      | HP: 1/36 [wight/+5 scimitar (12)]
  3619 | D:4      | Slain by a wight

Illustrated notes

Levels and vault maps discovered:
D:1:      minmay_arrival_four_houses, layout_loops_ring,
          nicolae_ecumenical_snake_handling, minmay_misc_feat_five,
          chequers_serial_rivers_marsh, minmay_misc_feat_four_crosses
D:2:      layout_loops_ring, grunt_ministairs_6, minmay_tiny_reverse_x,
          uniq_natasha, uniq_crazy_yiuf_cottage
D:3:      layout_loops_corners, mainiacjoe_overflow_tiny_flanked,
          nicolae_tso_besieged_by_evil, grunt_decor_resistance,
          minmay_statues_item, roderic_lattice_a, minmay_misc_feat_doors
D:4:      layout_loops_ring, uniq_pikel

Skill      XL: |  1  2  3  4  5  6 |
---------------+-------------------+-----
Long Blades    | 4 5 |  5.0
Summonings     | 2 3 4 |  4.0
Dodging        | 4 |  4.1
Fighting       | |  3.9

Action                     |  1- 3 |  4- 6 || total
---------------------------+-------+-------++-------
  Melee: Falchion          |    75 |    98 ||   173
         Kick              |    14 |    33 ||    47
         Peck              |     5 |    24 ||    29
         Spear             |       |     9 ||     9
   Fire: Orcbow            |       |     5 ||     5
   Cast: Summon Small Mamm |    10 |    13 ||    23
         Call Canine Famil |       |     5 ||     5
    Use: Potion            |       |     1 ||     1
   Stab: Sleeping          |     6 |     5 ||    11
         Distracted        |     1 |     3 ||     4
 Armour: Robe              |    26 |    48 ||    74
  Dodge: Dodged            |    74 |    85 ||   159
